Vis, lawful male human Samurai ----- |.... ------ |...| .....| |^... |....| ------------- ##....| .....| |`.........+| # |...| # |.<..| |.....`.....| ### |>...##########.....| + -----...| # -----# # ------ |@{.|.!.|######### | |p&v|[?.-%#`# # .. |@{.|...|# ### |...-F---...|# # |.....%...... |[...&....[*| ------------- Vis the Ninja Experience level: 6 Strength: 18/01 Dexterity: 15 Constitution: 17 Intelligence: 10 Wisdom: 8 Charisma: 5 Health: 0(50) Energy: 18(18) Def: 7 Gold: 629 Moves: 1833 Dungeon seed: fpmFBZ1H_gOzWGMs Game ID: Vis_1497181073 Your Inventory: Coins $ - 629 gold pieces Amulets u - a cursed amulet versus poison Weapons a - a +0 katana (weapon in hand) b - a +0 wakizashi c - a +0 yumi (alternate weapon; not wielded) d - 31 +0 ya (in quiver) h - a +0 silver dagger Armor e - an uncursed rustproof +0 splint mail (being worn) n - an uncursed +0 cloak of magic resistance (being worn) Comestibles t - an uncursed gunyoki v - an uncursed pear B - an uncursed cream pie C - an uncursed slime mold Scrolls g - an uncursed scroll of create monster w - an uncursed scroll of stinking cloud A - an uncursed scroll of teleportation D - an uncursed scroll of charging Spellbooks x - an uncursed spellbook of wizard lock y - an uncursed spellbook of blank paper Potions k - an uncursed potion of gain ability o - an uncursed potion of fruit juice r - an uncursed potion of hallucination z - a cursed potion of fruit juice Rings j - an uncursed ring of poison resistance (on left hand) l - a cursed ring of see invisible Wands p - a wand of lightning (0:1) Tools f - an uncursed oil lamp (0:1152) Gems q - an uncursed worthless piece of red glass N - an uncursed worthless piece of yellow glass Spells and supernatural/magical abilities: Name Level Category Fail Memory W - pray for help -- divine ? -- Your skills at the end: Fighting Skills martial arts [Basic] wands [Basic] Weapon Skills short sword [Basic] long sword [Basic] bow [Basic] Spellcasting Skills Final Attributes: You were piously aligned. You were poison resistant. You were magic-protected. You were hallucinating. You were fast. You were lucky. You are dead. Vanquished creatures: a small mimic a giant beetle an iron piercer a black light a gnome king 3 Green-elves a plains centaur a snake 2 bugbears an imp 2 orc shamans a yellow light a gnome lord a gnomish wizard a black naga hatchling an elf zombie 2 little dogs a floating eye a kobold lord a rothe 2 manes a hobgoblin 2 cave spiders a gnome 3 geckos 5 jackals a kobold 5 grid bugs 2 bats a lichen 3 newts and a partridge in a pear tree 51 creatures vanquished. Voluntary challenges: You were an atheist. You used a wielded weapon 64 times, starting on turn 1. You read items or engraved 2 times, starting on turn 647. You never genocided any monsters. You never polymorphed an object. You never changed form. You used no wishes. You never split a pudding. You never wrote Elbereth's name. You never violated your personal moral code. Dungeon overview: The Dungeons of Doom: levels 1 to 9 Level 1 a fountain a long staircase Level 2 Level 3 a delicatessen a long staircase Level 4 Level 5 a general store, a fountain Level 6 Level 7 a fountain Level 8 a fountain Level 9 <- You were here many fountains History has recorded: On T:1 you entered the Dungeons of Doom to retrieve the Amulet of Yendor! On T:219 you reached level 2 of The Dungeons of Doom. On T:339 you reached level 3 of The Dungeons of Doom. On T:529 you advanced to experience level 2. On T:537 you advanced to experience level 3. On T:584 you reached level 4 of The Dungeons of Doom. On T:644 you reached level 5 of The Dungeons of Doom. On T:836 you advanced to experience level 4. On T:874 you reached level 6 of The Dungeons of Doom. On T:958 you reached level 7 of The Dungeons of Doom. On T:1239 you advanced to experience level 5. On T:1454 you reached level 8 of The Dungeons of Doom. On T:1738 you reached level 9 of The Dungeons of Doom. On T:1813 you advanced to experience level 6. Score breakdown: Gold: 629 ( 9522 points) Experience: 6 levels (12456 points) Exploration: 9 levels ( 18.75%) (12377 points) Discoveries: 11 items ( 4.44%) ( 6318 points) Valuables value: (no points given unless you survive) Artifact value: 0 ( 0 points) Variety of kills: 31 monsters ( 8.09%) ( 8534 points) Turncount: 1833 turns ( 0 points) Survival: died (score multiplied by 80%) Total score: 39365 Latest messages: The giant bat misses. You hit the yellow light! You kill the caveman! The nyaasu puts on a pair of snow boots. The rock troll walks very quietly. There is a fountain here. There are a few objects here. <"Inquirest thou after enlightenment?" (120 zorkmids) [ynq]: n> <"Wilt thou settle for a minor consultation?" (50 zorkmids) [ynq]: y> True to her word, the Oracle offhandedly says: "Dragons never whip their children; they wouldn't feel it!" The questing beast picks up a few items from the floor. You hit the gnome mummy! The bat reaches into an a bag! You hit the scorpion! You miss the tribble. You miss the housecat. The stone giant reaches into an a bag of tricks! You destroy the lion-dog! You kill the dwarf! The gargoyle kicks! The freezing sphere bites! You destroy the large mimic! King Kong kicks! You die... Final status: Sayonara Vis the Samurai, killed by a hallucinogen-distorted horse... You died in The Dungeons of Doom on dungeon level 9 with 39365 points, and 629 pieces of gold, after 1833 moves. You were level 6 with a maximum of 50 hit points when you died.